 Dungeon Crawl Stone Soup version 0.30-a0-728-gc68057be0a (webtiles) character file.

Game seed: 11791370978448801861

4959 kae the Geomancer (level 10, -15/59 HPs)
             Began as a Gargoyle Earth Elementalist on Jan 30, 2023.
             Was a Believer of Vehumet.
             Demolished by a large abomination (22 damage)
             ... on level 1 of the Abyss.
             The game lasted 00:09:29 (8711 turns).

kae the Geomancer (Gargoyle Earth Elementalist)     Turns: 8711, Time: 00:09:31

Health: -15/59     AC: 15    Str: 17    XL:     10   Next: 53%
Magic:  1/20       EV: 11    Int: 18    God:    Vehumet [**....]
Gold:   340        SH:  0    Dex:  9    Spells: 16/22 levels left

rFire   . . .      SeeInvis .    i - staff of conjuration {!a}
rCold   + . .      Faith    .    (no shield)
rNeg    + . .      Spirit   .    e - +3 leather armour {rPois}
rPois   ∞          Reflect  .    (no helmet)
rElec   +          Harm     .    v - +1 cloak
rCorr   .          Rampage  .    (no gloves)
Will    .....                    (no boots)
Stlth   +                        (no amulet)
HPRegen 0.29/turn                L - ring of flight
MPRegen 0.17/turn                C - ring of protection from cold

@: flying
A: sickness immunity, AC +7, negative energy resistance 1, electricity
resistance, torment resistance 1, petrification resistance, mutation resistance
1, strong 1
a: Renounce Religion


You were on level 1 of the Abyss.
You worshipped Vehumet.
Vehumet was pleased with you.
You visited 2 branches of the dungeon, and saw 10 of its levels.
You visited the Abyss 1 time.

You collected 392 gold pieces.
You spent 52 gold pieces at shops.


Innate Abilities, Weirdness & Mutations

You are immune to sickness and miasma.
Your stone body is resilient. (AC +7)
You are immune to poison.
You resist negative energy. (rN+)
You are resistant to electric shocks. (rElec)
You are resistant to unholy torment.
You are immune to petrification.
You are somewhat resistant to further mutation.
Your muscles are strong. (Str +4, Int/Dex -1)


   Skills:
 + Level 5.4 Fighting
 + Level 4.7 Staves
 - Level 1.5 Dodging
 - Level 2.1 Stealth
 * Level 6.9 Spellcasting
 * Level 7.7 Conjurations
 - Level 0.7 Transmutations
 * Level 9.4 Earth Magic
 + Level 4.3 Evocations


You had 16 spell levels left.
You knew the following spells:

 Your Spells              Type           Power      Damage    Failure   Level
a - Sandblast             Erth           80%        2d17      1%          1
b - Stone Arrow           Conj/Erth      100%       3d13      1%          3
c - Passwall              Tmut/Erth      20%        N/A       2%          2

Your spell library contained the following spells:

 Spells                   Type           Power      Damage    Failure   Level
 Freeze                   Ice            24%        1d4       14%         1
 Magic Dart               Conj           100%       1d8       1%          1
 Searing Ray              Conj           100%       2d8       1%          2
 Foxfire                  Conj/Fire      100%       2x1d9     2%          1
 Momentum Strike          Conj/Tloc      60%        3d9       4%          2
 Sting                    Tmut/Pois      28%        1d4       12%         1
 Mephitic Cloud           Conj/Pois/Air  23%        N/A       14%         3
 Petrify                  Tmut/Erth      24%        N/A       16%         4
 Blink                    Tloc           12%        N/A       21%         2
 Call Imp                 Summ           6%         N/A       21%         2
 Lesser Beckoning         Tloc           12%        N/A       21%         2
 Poisonous Vapours        Pois/Air       12%        N/A       21%         2
 Fulminant Prism          Conj/Hex       15%        3d10      26%         4
 Gell's Gravitas          Tloc           6%         N/A       38%         3
 Teleport Other           Tloc           6%         N/A       38%         3
 Tukima's Dance           Hex            6%         N/A       38%         3
 Fireball                 Conj/Fire      15%        3d8       58%         5
 Olgreb's Toxic Radiance  Pois           6%         N/A       80%         4
 Passage of Golubria      Tloc           6%         N/A       80%         4
 Yara's Violent Unravell  Hex/Tmut       3%         3d4       97%         5
 Starburst                Conj/Fire      15%        6d6       99%         6
 Dispersal                Tloc           3%         N/A       100%        6

Inventory:

Hand Weapons
 h - a +1 dagger of protection
   (You took it off a goblin on level 1 of the Dungeon)
Missiles
 g - 17 poisoned darts
 l - 101 stones
 p - a throwing net {=f!f}
 s - 13 boomerangs
 B - 3 javelins
Armour
 a - a +0 robe
 e - a +3 leather armour of poison resistance (worn)
   (You found it on level 1 of the Dungeon)
 v - a +1 cloak (worn)
   (You took it off Crazy Yiuf on level 4 of the Dungeon)
Magical Staves
 i - a staff of conjuration (weapon) {!a}
   (You found it on level 1 of the Dungeon)
Jewellery
 C - a ring of protection from cold (right hand)
   (You found it on level 1 of the Dungeon)
 D - a +6 ring of dexterity
   (You found it on level 5 of the Dungeon)
 L - a ring of flight (left hand)
   (You found it on level 2 of the Dungeon)
 R - a ring of resist corrosion
   (You found it on level 5 of the Dungeon)
 S - a +6 ring of strength
   (You found it on level 8 of the Dungeon)
Wands
 w - a wand of charming (17)
   (You found it on level 5 of the Dungeon)
 A - a wand of flame (20)
   (You found it on level 6 of the Dungeon)
Scrolls
 k - a scroll of torment {!r}
 m - a scroll of noise {!r}
 t - 2 scrolls of fog
 x - a scroll of enchant weapon
 y - 2 scrolls of immolation {!r!r}
 E - a scroll of brand weapon
 G - 2 scrolls of magic mapping {!r}
 H - a scroll of identify {@r1}
Potions
 b - 2 potions of lignification {!q}
 c - 2 potions of ambrosia
 d - 7 potions of might
 f - 2 potions of degeneration {!q}
 j - a potion of heal wounds {@q2}
 n - a potion of berserk rage {unknown}
 o - 2 potions of mutation {!q}
 q - 4 potions of curing {@q1}
 r - a potion of brilliance
 u - 2 potions of attraction {unknown}
 z - a potion of resistance
 F - a potion of cancellation

Dungeon Overview and Level Annotations

Branches:
Dungeon (9/15) Zot: 26739  Temple (1/1) D:5 Zot: 5830
   Lair: D:8-11         Orc: D:9-12

Altars:
Ashenzari
Cheibriados
Dithmenos
Elyvilon
Fedhas
Gozag
Hepliaklqana
Kikubaaqudgha
Nemelex Xobeh
Okawaru
Qazlal
Ru
Sif Muna
Trog
Uskayaw
Vehumet
Wu Jian
Xom
Yredelemnul
Zin
The Shining One

Shops:
D:4 *   D:8 *

Annotations:
D:3 2 transporters, CaliBri's ghost, amateur DjIE

.... .... .
.. .. ...
... #+##
##.## #.≈h#
##@## #X# ..
.~..8...#
#.##.##.##.#
# #.# # $.$
###


You could see a large abomination and a raiju.


Message History

Unknown command.
Casting: Sandblast (safe; 1% risk of failure)
Confirm with . or Enter, or press ? or * to list all spells.
You can't see any susceptible monsters within range! (Use Z to cast anyway.) Unknown command.
Unknown command.
Unknown command.
Press: ? - help, v - describe, . - travel The floor.
Unknown command.
A raiju comes into view.
The raiju barks!
A ynoxinul comes into view. 😕 MP[+1]
Casting: Sandblast (safe; 1% risk of failure)
Confirm with . or Enter, or press ? or * to list all spells.
Aiming: Sandblast (safe; 1% risk of failure)
Press: ? - help, Shift-Dir - straight line, f - ynoxinul
Aim: a ynoxinul (85% to hit)
The blast of sand hits the ynoxinul! 😕 HP[+1] MP[-1]
You lost 1 mp, and now have 15/20 mp.
Casting: Sandblast (safe; 1% risk of failure)
Confirm with . or Enter, or press ? or * to list all spells.
Aiming: Stone Arrow (safe; 1% risk of failure)
Press: ? - help, Shift-Dir - straight line, f/p - ynoxinul
Aim: a ynoxinul (lightly wounded, 78% to hit)
You feel a surge of power!
The stone arrow hits the ynoxinul!!
You kill the ynoxinul!
Vehumet accepts your kill.
The raiju bursts into living lightning!
The living lightning hits you. You resist.
The raiju blinks! 😕 HP[-6] MP[-3]
You take 6 damage, and now have 46/59 hp.
You lost 3 mp, and now have 12/20 mp.
Unknown command.
Casting: Stone Arrow (safe; 1% risk of failure)
Confirm with . or Enter, or press ? or * to list all spells.
Aiming: Stone Arrow (safe; 1% risk of failure)
Press: ? - help, Shift-Dir - straight line, f - raiju
Aim: a raiju (66% to hit)
You feel a surge of power!
The stone arrow hits the raiju!
The raiju bites you but does no damage. 😕 MP[-3]
You lost 3 mp, and now have 9/20 mp.
Unknown command.
Casting: Stone Arrow (safe; 1% risk of failure)
Confirm with . or Enter, or press ? or * to list all spells.
Aiming: Stone Arrow (safe; 1% risk of failure)
Press: ? - help, Shift-Dir - straight line, f/p - raiju
Aim: a raiju (moderately wounded, 66% to hit)
You feel a surge of power!
The stone arrow misses the raiju.
The raiju bites you but does no damage. 😕 HP[+1] MP[-3]
You lost 3 mp, and now have 6/20 mp.
Unknown command.
Casting: Stone Arrow (safe; 1% risk of failure)
Confirm with . or Enter, or press ? or * to list all spells.
Aiming: Stone Arrow (safe; 1% risk of failure)
Press: ? - help, Shift-Dir - straight line, f/p - raiju
Aim: a raiju (moderately wounded, 66% to hit)
You feel a surge of power!
The stone arrow hits the raiju!
The raiju completely misses you.
The large abomination misses you. 😕 MP[-2]
You lost 2 mp, and now have 4/20 mp.
Unknown command.
Casting: Stone Arrow (safe; 1% risk of failure)
Confirm with . or Enter, or press ? or * to list all spells.
Aiming: Sandblast (safe; 1% risk of failure)
Press: ? - help, Shift-Dir - straight line, f/p - raiju
Aim: a raiju (heavily wounded, 77% to hit)
The blast of sand hits the raiju.
The raiju bites you. The raiju shocks you. You resist.
The large abomination hits you!
* * * LOW HITPOINT WARNING * * *
The raiju barely misses you. 😨 HP[-19] MP[-1]
You take 19 damage, and now have 28/59 hp.
MASSIVE DAMAGE!! (PAUSE)
You lost 1 mp, and now have 3/20 mp.
Casting: Sandblast (safe; 1% risk of failure)
Confirm with . or Enter, or press ? or * to list all spells.
Aiming: Sandblast (safe; 1% risk of failure)
Press: ? - help, Shift-Dir - straight line, f/p - raiju
Aim: a raiju (heavily wounded, 77% to hit)
The blast of sand hits the raiju but does no damage.
The raiju bites you but does no damage. The large abomination hits you!!
* * * LOW HITPOINT WARNING * * *
Something shouts, "Slither hence, thou warped dismal-dreaming surfacer!" 😱 HP[-21] MP[-1]
You take 21 damage, and now have 7/59 hp.
MASSIVE DAMAGE!! (PAUSE)
You lost 1 mp, and now have 2/20 mp.
Casting: Sandblast (safe; 1% risk of failure)
Confirm with . or Enter, or press ? or * to list all spells.
Aiming: Sandblast (safe; 1% risk of failure)
Press: ? - help, Shift-Dir - straight line, f/p - raiju
Aim: a raiju (heavily wounded, 77% to hit)
The blast of sand hits the raiju.
The raiju barely misses you. The large abomination hits you!!
You die...

Skill      XL: |  1  2  3  4  5  6  7  8  9 10 |
---------------+-------------------------------+-----
Conjurations   | 1 2 3 4 5 7 |  7.7
Earth Magic    | 4 5 6 7 8 9 |  9.4
Fighting       | 1 2 3 5 |  5.4
Evocations     | 1 2 3 4 |  4.3
Staves         | 1 2 3 4 |  4.7
Spellcasting   | 3 4 5 6 |  6.9
Dodging        | |  1.5
Stealth        | |  2.1
Transmutations | |  0.7

Action                     |  1- 3 |  4- 6 |  7- 9 | 10-12 || total
---------------------------+-------+-------+-------+-------++-------
  Melee: Unarmed           |    18 |       |       |       ||    18
         Punch             |     1 |       |       |       ||     1
         Staff             |    12 |       |    28 |       ||    40
   Cast: Sandblast         |    64 |    88 |   154 |    17 ||   323
         Stone Arrow       |       |     2 |    26 |    21 ||    49
    Use: Scroll            |     9 |     3 |     7 |       ||    19
         Potion            |       |       |     4 |       ||     4
 Armour: Robe              |     2 |       |       |       ||     2
         Leather armour    |    27 |    19 |   118 |     6 ||   170
  Dodge: Dodged            |    39 |    34 |    87 |    10 ||   170

Levels and vault maps discovered:
D:1:      co_arrival_random_square_maze, layout_basic
D:2:      layout_loops_ring
D:3:      layout_basic, fedhas_altar_2, gammafunk_ghost_stat_death,
          hangedman_decor_lopped, hangedman_decor_points,
          chequers_serial_rivers_micro_e
D:4:      layout_basic, mainiacjoe_overflow_divided_tiny, serial_shops,
          nicolae_lakefront_shop, uniq_crazy_yiuf_cottage
D:5:      layout_loops_ring, mainiacjoe_overflow_alcove_1,
          nicolae_overflow_crystal_walls, minmay_temple_entry_large_hall
D:6:      layout_basic
D:7:      layout_basic, yredelemnul_altar_generic, st_stairs_4, minivault_10,
          minmay_misc_feat_chi
D:8:      layout_basic, guppyfry_shop_venom, uniq_erica
D:9:      layout_gridville, nrook_mini_backslash, uniq_erolcha, uniq_maurice
Temple:   nicolae_temple_bog_church
Abyss:1:  base: D:2, hangedman_cross_veins

Notes
Turn   | Place    | Note
-------+----------+-------------------------------------------
     0 | D:1      | kae the Gargoyle Earth Elementalist began the quest for the
                  | Orb.
     0 | D:1      | Reached XP level 1. HP: 10/10 MP: 3/3
     0 | D:1      | magus.rc [v1.11.3]
   132 | D:1      | magus.rc [v1.11.3]
   332 | D:1      | HP: 1/10 [quokka (3)]
   402 | D:1      | Reached XP level 2. HP: 16/16 MP: 0/5
   604 | D:1      | Reached skill level 1 in Conjurations
   669 | D:1      | Reached skill level 4 in Earth Magic
   810 | D:1      | Reached XP level 3. HP: 20/20 MP: 4/6
   821 | D:1      | You pick up a book of Displacement and begin reading...
   821 | D:1      | You add the spells Lesser Beckoning, Gell's Gravitas and
                  | Teleport Other to your library.
   886 | D:1      | Learned a level 3 spell: Stone Arrow
   889 | D:1      | Learned a level 2 spell: Passwall
  1025 | D:2      | You pick up a book of Geomancy and begin reading...
  1178 | D:2      | Reached skill level 1 in Fighting
  1416 | D:2      | You pick up a book of Conjurations and begin reading...
  1416 | D:2      | You add the spells Magic Dart, Searing Ray and Fulminant
                  | Prism to your library.
  1778 | D:3      | Reached XP level 4. HP: 25/25 MP: 3/7
  1942 | D:3      | Found a blossoming altar of Fedhas.
  1961 | D:3      | Found a transporter.
  2099 | D:3      | You add the spells Sting, Poisonous Vapours and Olgreb's
                  | Toxic Radiance to your library.
  2224 | D:3      | Noticed CaliBri's ghost (amateur DjIE)
  2238 | D:3      | Found a transporter.
  2732 | D:4      | Found Raloi's General Store.
  2741 | D:4      | Bought a potion of brilliance for 52 gold pieces
  2985 | D:4      | Reached skill level 2 in Conjurations
  2985 | D:4      | Reached XP level 5. HP: 16/29 MP: 2/9
  3315 | D:4      | You add the spells Tukima's Dance, Passage of Golubria and
                  | Yara's Violent Unravelling to your library.
  3378 | D:4      | Found a sacrificial altar of Ru.
  3378 | D:4      | Found a white marble altar of Elyvilon.
  3470 | D:4      | Reached skill level 1 in Evocations
  3609 | D:4      | Found a runed translucent door.
  3610 | D:4      | Noticed Crazy Yiuf
  3747 | D:4      | Killed Crazy Yiuf
  3748 | D:4      | Reached skill level 1 in Staves
  3748 | D:4      | Reached skill level 3 in Spellcasting
  3851 | D:5      | Entered Level 5 of the Dungeon
  4110 | D:5      | Reached skill level 2 in Fighting
  4117 | D:5      | HP: 7/30 [gnoll sergeant/+2 spear of freezing (1)]
  4161 | D:4      | Reached XP level 6. HP: 21/35 MP: 5/10
  4343 | D:5      | Reached skill level 5 in Earth Magic
  4404 | D:5      | Found a shadowy altar of Dithmenos.
  4426 | D:5      | Found a staircase to the Ecumenical Temple.
  4431 | D:5      | Reached skill level 3 in Conjurations
  4436 | Temple   | Entered the Ecumenical Temple
  4596 | Temple   | Became a worshipper of Vehumet
  4841 | D:5      | Reached XP level 7. HP: 34/40 MP: 7/12
  5043 | D:5      | Found a hide-covered altar of Uskayaw.
  5187 | D:6      | Noticed a steam dragon
  5306 | D:6      | Killed a steam dragon
  5387 | D:6      | Reached skill level 2 in Staves
  5408 | D:6      | You pick up a book of Spatial Translocations and begin
                  | reading...
  5408 | D:6      | You add the spells Blink and Momentum Strike to your
                  | library.
  5480 | D:6      | Reached skill level 4 in Spellcasting
  5480 | D:6      | Reached skill level 2 in Evocations
  5612 | D:6      | Reached skill level 4 in Conjurations
  5612 | D:6      | Reached skill level 6 in Earth Magic
  5619 | D:6      | Reached skill level 3 in Fighting
  5796 | D:6      | Reached XP level 8. HP: 46/46 MP: 8/14
  5978 | D:6      | You pick up a book of Fire and begin reading...
  5978 | D:6      | You add the spells Foxfire, Fireball and Starburst to your
                  | library.
  6188 | D:6      | HP: 7/46 [orc warrior/+0 battleaxe (10)]
  6446 | D:7      | Reached skill level 5 in Conjurations
  6597 | D:7      | Found a basalt altar of Yredelemnul.
  6606 | D:7      | Reached skill level 5 in Spellcasting
  6606 | D:7      | Reached skill level 7 in Earth Magic
  6608 | D:7      | Reached * piety under Vehumet
  6608 | D:7      | Offered knowledge of Shock by Vehumet.
  6669 | D:7      | Reached skill level 3 in Staves
  6670 | D:7      | You pick up a book of Spatial Translocations and begin
                  | reading...
  6755 | D:7      | Identified the +7 short sword of Disharmony {antimagic,
                  | Str+3}
  6761 | D:7      | Reached skill level 3 in Evocations
  6761 | D:7      | Reached XP level 9. HP: 51/52 MP: 11/16
  6782 | D:7      | HP: 12/52 [shadow imp/nerve-wracking pain (5)]
  6785 | D:7      | Gained mutation: You are somewhat resistant to further
                  | mutation. [potion of mutation]
  6785 | D:7      | Gained mutation: Your muscles are strong. (Str +4, Int/Dex
                  | -1) [potion of mutation]
  6803 | D:7      | Reached skill level 4 in Fighting
  7122 | D:7      | You pick up a book of Minor Magic and begin reading...
  7122 | D:7      | You add the spells Call Imp and Mephitic Cloud to your
                  | library.
  7407 | D:8      | Reached skill level 6 in Conjurations
  7455 | D:8      | Reached skill level 8 in Earth Magic
  7468 | D:8      | HP: 13/52 [yak (5)]
  7471 | D:8      | Reached skill level 6 in Spellcasting
  7727 | D:8      | Found Giusucw's Serpentskin Sales.
  7728 | D:8      | Reached ** piety under Vehumet
  7728 | D:8      | Offered knowledge of Freeze by Vehumet.
  7732 | D:8      | Reached skill level 4 in Staves
  7805 | D:8      | Noticed a two-headed ogre
  7811 | D:8      | Killed a two-headed ogre
  7812 | D:8      | Reached skill level 5 in Fighting
  7812 | D:8      | Reached skill level 7 in Conjurations
  7812 | D:8      | Reached skill level 4 in Evocations
  7812 | D:8      | Reached XP level 10. HP: 59/59 MP: 13/19
  7881 | D:8      | Noticed a manticore
  7893 | D:8      | Killed a manticore
  7894 | D:8      | Reached skill level 9 in Earth Magic
  8350 | D:8      | Noticed Erica
  8358 | D:8      | Killed Erica
  8700 | D:9      | You are cast into the Abyss!
  8700 | Abyss:1  | Cast into level 1 of the Abyss (orc)
  8710 | Abyss:1  | HP: 7/59 [large abomination (22)]
  8711 | Abyss:1  | Demolished by a large abomination

Vanquished Creatures
  Erica (D:8)
  A two-headed ogre (D:8)
  A manticore (D:8)
  A ynoxinul (Abyss:1)
  3 yaks (D:8)
  A steam dragon (D:6)
  4 water moccasins
  A sky beast (D:6)
  A black bear (D:6)
  4 orc warriors
  A phantom (D:7)
  A centaur (D:8)
  A kobold brigand (D:7)
  2 bullfrogs
  2 gnoll sergeants
  A scorpion (D:6)
  3 necrophages
  3 wights
  2 howler monkeys (D:7)
  2 orc priests
  4 jellies
  Crazy Yiuf (D:4)
  3 hounds
  7 iguanas
  3 orc wizards
  6 gnolls
  8 adders
  5 shadow imps
  3 white imps
  A worm (D:2)
  4 dart slugs
  23 orcs
  9 endoplasms
  3 giant cockroaches
  7 hobgoblins
  4 jackals (D:2)
  2 quokkas
  7 ball pythons
  5 bats
  5 frilled lizards
  4 goblins
  11 kobolds
  3 rats
164 creatures vanquished.

Table legend:
 A = Non-vault XP
 B = Vault XP
 C = Vault XP percentage of total XP
 D = Non-vault monster count
 E = Vault monster count
 F = Vault count percentage of total count
                 A         B        C        D         E       F
            +---------+---------+-------+---------+---------+-------
      Total |    5559 |    1526 |  21.5 |     155 |       9 |   5.5
            +---------+---------+-------+---------+---------+-------
        D:1 |      34 |       0 |   0.0 |      20 |       0 |   0.0
        D:2 |      40 |       0 |   0.0 |      22 |       0 |   0.0
        D:3 |      28 |       0 |   0.0 |      10 |       0 |   0.0
        D:4 |     112 |      40 |  26.3 |      16 |       1 |   5.9
        D:5 |     410 |       0 |   0.0 |      12 |       0 |   0.0
        D:6 |    1288 |       0 |   0.0 |      19 |       0 |   0.0
        D:7 |     998 |     132 |  11.7 |      31 |       2 |   6.1
        D:8 |    2336 |    1149 |  33.0 |      15 |       5 |  25.0
        D:9 |     313 |       0 |   0.0 |      10 |       0 |   0.0
    Abyss:1 |       0 |     205 | 100.0 |       0 |       1 | 100.0
            +---------+---------+-------+---------+---------+-------

Illustrated notes

Table legend:
 A = Kills in this place as a percentage of kills in entire the game.
 B = Kills by you in this place as a percentage of kills by you in the entire game.
 C = Kills by friends in this place as a percentage of kills by friends in the entire game.
 D = Other kills in this place as a percentage of other kills in the entire game.
 E = Experience gained in this place as a percentage of experience gained in the entire game.
 F = Experience gained in this place divided by the number of levels of this place that you have seen.
                   A       B       C       D       E      F
               +-------+-------+-------+-------+-------+----------------------
         Total | 100.0 | 100.0 |   N/A |   N/A | 100.0 | 644.1
       Dungeon |  99.4 |  99.4 |   N/A |   N/A |  97.1 | 764.4
         Abyss |   0.6 |   0.6 |   N/A |   N/A |   2.9 | 205.0
               +-------+-------+-------+-------+-------+----------------------

Table legend: (Time is in decaauts)
 A = Elapsed time spent in this place.
 B = Non-inter-level travel time spent in this place.
 C = Inter-level travel time spent in this place.
 D = Time resting spent in this place.
 E = Time spent auto-exploring this place.
 F = Levels seen in this place.
 G = Mean time per level.
                   A        B        C        D        E       F      G
               +--------+--------+--------+--------+--------+-----+--------+
         Total |   8879 |   8582 |    297 |    864 |   6517 |  11 |  807.2 |
       Dungeon |   8696 |   8426 |    270 |    864 |   6389 |   9 |  966.2 |
        Temple |    169 |    142 |     27 |      0 |    128 |   1 |  169.0 |
         Abyss |     12 |     12 |      0 |      0 |      0 |   1 |   12.0 |
               +--------+--------+--------+--------+--------+-----+--------+

Top non-repeatable levels by time:
     D:4: 1660 daAuts
     D:6: 1244 daAuts
     D:8: 1108 daAuts
     D:5: 1002 daAuts
     D:1: 913 daAuts
     D:7: 904 daAuts
     D:2: 835 daAuts
     D:3: 769 daAuts
     D:9: 258 daAuts
  Temple: 169 daAuts
 Abyss:1: 12 daAuts
